 Dungeon Crawl Stone Soup version 0.30-a0-782-ge64f9170bb (webtiles) character file.

Game seed: 3601264989991513584

11 tilp the Shield-Bearer (level 2, 0/25 (26) HPs)
             Began as a Meteoran Fighter on Feb 19, 2023.
             Succumbed to a crimson imp's poison
             ... on level 3 of the Dungeon.
             The game lasted 00:01:31 (304 turns).

tilp the Shield-Bearer (Meteoran Fighter)            Turns: 304, Time: 00:01:31

HP:   0/25 (26)     AC:  6    Str: 17    XL:     2   Next: 58%
MP:   3/3           EV:  9    Int:  9    God:
Gold: 28            SH:  5    Dex: 13    Spells: 1/1 levels left

rFire   . . .      SeeInvis .    a - +0 long sword
rCold   . . .      Faith    .    c - +0 buckler
rNeg    . . .      Spirit   .    b - +0 scale mail
rPois   .          Reflect  .    (no helmet)
rElec   .          Harm     .    (no cloak)
rCorr   .          Rampage  .    (no gloves)
Will    .....                    (no boots) Stlth
                                 (no amulet)
HPRegen 0.24/turn                (no ring)
MPRegen 0.08/turn                (no ring)

@: lethally poisoned (0 -> -3), glowing, lightly drained
A: sense surroundings 1, otherworldly, glowing, explore regen
a: no special abilities


You were on level 3 of the Dungeon.
You visited 1 branch of the dungeon, and saw 4 of its levels.

You collected 28 gold pieces.

Inventory:

Hand Weapons
 a - a +0 long sword (weapon)
Armour
 b - a +0 scale mail (worn)
 c - a +0 buckler (worn)
Scrolls
 g - a scroll of teleportation {unknown}
Potions
 d - a potion of might


   Skills:
 + Level 3.5 Fighting
 * Level 3.0 Long Blades
 - Level 3.6 Armour
 + Level 0.9 Dodging
 - Level 3.6 Shields


You had one spell level left.
You didn't know any spells.
Your spell library was empty.

Dungeon Overview and Level Annotations

Branches:
Dungeon (4/15) Zot: 2076
 Temple: D:4-7

Altars:
Fedhas
Makhleb
Xom


Innate Abilities, Weirdness & Mutations

You passively map a small area around you.
You are easily found by Zot.
You glow in the dark.
You regain HP and MP as you explore.


Message History

You feel sick. You block the crimson imp's attack.
The crimson imp blinks!
You feel sick.
You close the door.
You feel sick.
You are no longer poisoned.
A crimson imp breaks down the door.
The crimson imp closely misses you.
There is a broken door here.
You hit the crimson imp.
The crimson imp is heavily wounded.
The crimson imp barely misses you.
The crimson imp hits you but does no damage.
You feel drained.
You closely miss the crimson imp.
The crimson imp is moderately wounded.
You feel yourself speed up.
The crimson imp hits you with a +2 dagger of chaos.
* * * LOW HITPOINT WARNING * * *
You feel yourself slow down.
The crimson imp hits you but does no damage.
You are lethally poisoned!
You slash the crimson imp!
The crimson imp is severely wounded.
* * * LOW HITPOINT WARNING * * *
You feel very sick.
The crimson imp blinks! x2
Unknown command.
It was a potion of flight.
You feel very buoyant.
You fly up into the air.
* * * LOW HITPOINT WARNING * * *
You feel sick.
It was a potion of cancellation.
Your magical effects are unravelling.
You feel magically purged.
You feel yourself speed up.
You float gracefully downwards.
* * * LOW HITPOINT WARNING * * *
You feel sick.
Unknown command.
You die...

######
#.##........#
, #
#.#########.#
** # #.# *.#
* * # #.# #
#.# * #
#5##### ,
#.....#####,
####.##.._#*
#..'@..#
####.._#
#####


There were no monsters in sight!

Vanquished Creatures
  A dart slug (D:1)
  A ball python (D:3)
  2 goblins
  A hobgoblin (D:3)
  A quokka (D:3)
  2 bats
8 creatures vanquished.

Notes
Turn   | Place    | Note
-------+----------+-------------------------------------------
     0 | D:1      | tilp the Meteoran Fighter began the quest for the Orb.
     0 | D:1      | Reached XP level 1. HP: 19/19 MP: 2/2
    37 | D:1      | Reached XP level 2. HP: 25/26 MP: 3/3
    98 | D:3      | Found a blossoming altar of Fedhas.
   285 | D:3      | Found a shimmering altar of Xom.
   285 | D:3      | Found a burning altar of Makhleb.
   285 | D:3      | Noticed a crimson imp
   302 | D:3      | HP: 1/25 [poisoned by a crimson imp]
   304 | D:3      | Succumbed to a crimson imp's poison

Illustrated notes

Levels and vault maps discovered:
D:1:      ncdulo_smallfort, layout_basic, minmay_tetromino_o2
D:2:      layout_rooms, basic_altar, uniq_robin
D:3:      layout_basic, nicolae_uskayaw_dance_hall,
          grunt_temple_overflow_champion_of_chaos, general_overflow_altar,
          nicolae_sif_muna_little_library, uniq_crazy_yiuf_cottage
D:4:      layout_basic, mainiacjoe_overflow_small_starburst, uniq_ijyb,
          uniq_sigmund

Skill      XL: |  1  2 |
---------------+-------+-----
Long Blades    | 3 |  3.0
Fighting       | |  3.5
Armour         | |  3.6
Dodging        | |  0.9
Shields        | |  3.6

Action                     || total
---------------------------++-------
  Melee: Long sword        ||    37
    Use: Potion            ||     2
 Armour: Scale mail        ||    29
  Dodge: Dodged            ||    20
  Block: Buckler           ||    11

Table legend: (Time is in decaauts)
 A = Elapsed time spent in this place.
 B = Non-inter-level travel time spent in this place.
 C = Inter-level travel time spent in this place.
 D = Time resting spent in this place.
 E = Time spent auto-exploring this place.
 F = Levels seen in this place.
 G = Mean time per level.
                   A        B        C        D        E       F      G
               +--------+--------+--------+--------+--------+-----+--------+
         Total |    323 |    289 |     34 |      0 |      0 |   4 |   80.8 |
       Dungeon |    323 |    289 |     34 |      0 |      0 |   4 |   80.8 |
               +--------+--------+--------+--------+--------+-----+--------+

Top non-repeatable levels by time:
     D:3: 249 daAuts
     D:1: 52 daAuts
     D:2: 20 daAuts
     D:4: 1 daAuts
